 Dungeon Sprint DCSS version 0.27.1-33-g824d729ab1 (webtiles) character file.

Game seed: 7397710787829581546

631 manyhoops the Unseen (level 7, -9/32 HPs)
             Began as a Spriggan Enchanter on Nov 27, 2021.
             Was an Initiate of Dithmenos.
             Shot with an arrow by a centaur warrior (35 damage)
             ... in the Dungeon (Sprint I: "Red Sonja").
             The game lasted 00:03:54 (458 turns).

manyhoops the Unseen (Spriggan Enchanter)            Turns: 458, Time: 00:03:55

Health: -9/32      AC:  2    Str:  4    XL:     7   Next: 24%
Magic:  4/13       EV: 18    Int: 17    God:    Dithmenos [......]
Gold:   311        SH:  0    Dex: 17    Spells: 1/13 levels left

rFire    . . .     SeeInvis +   a - +1 dagger
rCold    . . .     Faith    .   (shield restricted)
rNeg     . . .     Spirit   .   b - +0 robe
rPois    .         Reflect  .   (helmet restricted)
rElec    .         Harm     .   (no cloak)
rCorr    .         Rampage  .   (gloves unavailable)
Will     +....     NoTele   +   (boots unavailable)
Stlth    +++++++...             (no amulet)
HPRegen  0.10/turn              (no ring)
MPRegen  0.13/turn              (no ring)

@: very quick
A: very small, no large weapons, unfitting armour, see invisible, speed 3
a: Renounce Religion


You were in the Dungeon.
You worshipped Dithmenos.
Dithmenos was noncommittal.
You visited 1 branch You collected 311 gold pieces.

Inventory:

Hand Weapons
 a - a +1 dagger (weapon)
Armour
 b - a +0 robe (worn)
Wands
 g - a wand of flame (18)
Potions
 c - a potion of curing
 e - a potion of haste
 f - 2 potions of magic
 i - a potion of mutation {unknown}


   Skills:
 - Level 9.2 Short Blades
 - Level 3.5 Dodging
 - Level 18.1 Stealth
 - Level 3.8 Spellcasting
 + Level 5.7 Hexes


You had one spell level left.
You knew the following spells:

 Your Spells              Type           Power      Damage    Failure   Level
a - Corona                Hex            24%        N/A       1%          1
b - Ensorcelled Hibernat  Hex/Ice        26%        N/A       8%          2
c - Confusing Touch       Hex            22%        N/A       4%          3
d - Tukima's Dance        Hex            22%        N/A       4%          3
e - Dazzling Flash        Conj/Hex       26%        N/A       16%         3

Your spell library contained the following spells:

 Spells                   Type           Power      Damage    Failure   Level


Dungeon Overview and Level Annotations

Branches:
Dungeon (1/1)

Altars:
Cheibriados
Dithmenos
Elyvilon
Fedhas
Gozag
Hepliaklqana
Kikubaaqudgha
Makhleb
Nemelex Xobeh
Okawaru
Qazlal
Ru
Sif Muna
Trog
Uskayaw
Vehumet
Wu Jian
Xom
Yredelemnul
Zin
The Shining One
Jiyva
Lugonu

Shops:
D :


Innate Abilities, Weirdness & Mutations

You are very small and have problems with some larger weapons.
You are too small for most types of armour.
You have supernaturally acute eyesight. (SInv)
You cover ground extremely quickly. (Speed+++)


Message History

There is an open door here.
You close the door.
There is an open door here.
Things that are here:
a +0 dagger; a +0 leather armour; the goblin corpse of Ijyb You close the door, pushing everything out of the way.
You see here the goblin corpse of Ijyb.
You start resting.
Magic restored.
You start resting.
Something unseen opens the door.
There is a fountain of clear blue water here.
Okay, then.
Casting: Confusing Touch (dangerous; 4% risk of failure)
Confirm with . or Enter, or press ? or * to list all spells.
Okay, then.
Casting: Confusing Touch (dangerous; 4% risk of failure)
Confirm with . or Enter, or press ? or * to list all spells.
Aiming: Tukima's Dance (dangerous; 4% risk of failure)
Press: ? - help, Shift-Dir - straight line, f - centaur warrior
Aim: a centaur warrior, wielding a +0 longbow, wearing a +0 robe and quivering arrows (wandering, hasn't noticed you, chance to affect: 44%)
The centaur warrior shouts!
The centaur warrior resists with some effort.
Casting: Tukima's Dance (dangerous; 4% risk of failure)
Confirm with . or Enter, or press ? or * to list all spells.
Aiming: Tukima's Dance (dangerous; 4% risk of failure)
Press: ? - help, Shift-Dir - straight line, f/p - centaur warrior
Aim: a centaur warrior, wielding a +0 longbow, wearing a +0 robe and quivering arrows (chance to affect: 44%)
The centaur warrior resists with some effort.
The centaur warrior shoots an arrow.
The arrow misses you.
Casting: Tukima's Dance (dangerous; 4% risk of failure)
Confirm with . or Enter, or press ? or * to list all spells.
Aiming: Tukima's Dance (dangerous; 4% risk of failure)
Press: ? - help, Shift-Dir - straight line, f/p - centaur warrior
Aim: a centaur warrior, wielding a +0 longbow, wearing a +0 robe and quivering arrows (chance to affect: 44%)
The centaur warrior resists with some effort.
The centaur warrior shoots an arrow.
The arrow closely misses you.
The centaur warrior shoots an arrow.
The arrow hits you!!
Ouch! That really hurt!
You die...

###################
#<.#..+..#.)T..#__#
#..'..#.)+.c#..'^.+
#.c#####'#####'#__#
#..####..#...#(####
#..#__####..##§#≈≈≈
#..#_____##'#_.T§§§
#⌠@#_.∩...'...§#≈§≈
####_..__##_.#'##T#
#_____###+#(# ..
####### ### #


You could see a centaur warrior.

Vanquished Creatures
  A slime creature (D)
  Sigmund (D)
  A yak (D)
  An ogre (D)
  A jelly (D)
  Ijyb (D)
6 creatures vanquished.

Vanquished Creatures (others)
  A gargoyle (D)
  A dancing weapon (D)
2 creatures vanquished.

Grand Total: 8 creatures vanquished

Notes
Turn   | Place    | Note
-------+----------+-------------------------------------------
     0 | D        | manyhoops the Spriggan Enchanter began the quest for the
                  | Orb.
     0 | D        | Reached XP level 1. HP: 9/9 MP: 5/5
     3 | D        | Noticed Ijyb
     9 | D        | Killed Ijyb
    10 | D        | Reached skill level 6 in Stealth
    10 | D        | Reached skill level 5 in Hexes
    10 | D        | Reached XP level 2. HP: 13/13 MP: 4/7
    33 | D        | Learned a level 2 spell: Ensorcelled Hibernation
    37 | D        | Noticed an ogre
    41 | D        | Killed an ogre
    42 | D        | Reached skill level 12 in Stealth
    42 | D        | Reached XP level 3. HP: 16/16 MP: 9/9
    42 | D        | Reached XP level 4. HP: 21/21 MP: 10/10
    63 | D        | Noticed Sigmund
    66 | D        | Killed Sigmund
    67 | D        | Reached skill level 17 in Stealth
    67 | D        | Reached XP level 5. HP: 24/24 MP: 11/11
    67 | D        | Reached XP level 6. HP: 28/28 MP: 12/12
    92 | D        | Found an ornate altar of the Wu Jian Council.
    92 | D        | Found a shimmering blue altar of Sif Muna.
    94 | D        | Found a radiant altar of Vehumet.
   117 | D        | Found Xugock's Book Emporium.
   117 | D        | Found an ancient bone altar of Kikubaaqudgha.
   117 | D        | Found a hazy altar of Hepliaklqana.
   117 | D        | Found a hide-covered altar of Uskayaw.
   117 | D        | Found a basalt altar of Yredelemnul.
   117 | D        | Found an opulent altar of Gozag.
   117 | D        | Found a snail-covered altar of Cheibriados.
   117 | D        | Found a sacrificial altar of Ru.
   117 | D        | Found a shadowy altar of Dithmenos.
   117 | D        | Noticed a yak
   118 | D        | Found a stormy altar of Qazlal.
   118 | D        | Found a blossoming altar of Fedhas.
   118 | D        | Found a bloodstained altar of Trog.
   118 | D        | Found an iron altar of Okawaru.
   118 | D        | Found a glowing golden altar of the Shining One.
   118 | D        | Found a glowing silver altar of Zin.
   118 | D        | Found a white marble altar of Elyvilon.
   119 | D        | Killed a yak
   120 | D        | Found a sparkling altar of Nemelex Xobeh.
   128 | D        | Became a worshipper of Dithmenos the Shadowed
   143 | D        | Found a burning altar of Makhleb.
   143 | D        | Found a viscous altar of Jiyva.
   143 | D        | Found a shimmering altar of Xom.
   143 | D        | Found a corrupted altar of Lugonu.
   143 | D        | Noticed a slime creature
   146 | D        | Killed a slime creature
   147 | D        | Reached skill level 18 in Stealth
   147 | D        | Reached XP level 7. HP: 32/32 MP: 13/13
   155 | D        | Noticed a centaur warrior
   155 | D        | Noticed a centaur warrior
   181 | D        | Learned a level 3 spell: Confusing Touch
   185 | D        | Learned a level 3 spell: Tukima's Dance
   189 | D        | Learned a level 3 spell: Dazzling Flash
   209 | D        | Noticed a deep troll
   373 | D        | Killed a gargoyle
   458 | D        | Shot with an arrow by a centaur warrior

Illustrated notes

Levels and vault maps discovered:
D:        dungeon_sprint_1 [red_sonja_temple_1, red_sonja_temple_small_1]

Skill      XL: |  1  2  3  4  5  6 |
---------------+-------------------+-----
Dodging        | 3 |  3.5
Stealth        | 6 12 17 18 | 18.1
Spellcasting   | 3 |  3.8
Hexes          | 5 |  5.7
Short Blades   | 9 |  9.2

Action                   |  1- 3 |  4- 6 |  7- 9 || total
-------------------------+-------+-------+-------++-------
Melee: Dagger            |     6 |     4 |     2 ||    12
 Cast: Corona            |     1 |       |       ||     1
       Tukima's Dance    |       |       |     5 ||     5
       Confusing Touch   |       |       |     2 ||     2
  Use: Potion            |     1 |       |     1 ||     2
       Scroll            |       |       |     1 ||     1
 Stab: Sleeping          |     1 |     4 |       ||     5
Armor: Robe              |       |       |     1 ||     1
Dodge: Dodged            |     3 |       |     5 ||     8
